PBL
WINNIPEG GOLDEYES @ TROIS-RIVERES AIGLES
07/27/2047
 
TOP OF THE 1ST
Winnipeg Goldeyes batting - Pitching for Trois-Riveres Aigles : LHP Jake Fields
Pitching: LHP Jake Fields
Batting: RHB Nestor Moreno 0-0: Called Strike
0-1: Swinging Strike
0-2: Ball
1-2: Strikes out swinging
Batting: LHB Ben Roth 0-0: Fly out, F7 (Flyball, 78S, EV 85.0 MPH)
Batting: RHB Terry Oetker 0-0: Ball
1-0: Ball
2-0: Called Strike
2-1: Ball
3-1: Swinging Strike
3-2: Foul Ball, location: 2F
3-2: Foul Ball, location: 2F
3-2: SINGLE (Groundball, 4M, EV 97.5 MPH) (infield hit)
Batting: RHB Hisao Takei 0-0: Ball
1-0: Called Strike
1-1: Ball
2-1: Swinging Strike
2-2: Strikes out swinging
Top of the 1st over - 0 runs, 1 hit, 0 errors, 1 left on base; Winnipeg 0 - Trois-Riveres 0
BOTTOM OF THE 1ST
Trois-Riveres Aigles batting - Pitching for Winnipeg Goldeyes : LHP Ricky Lopez
Pitching: LHP Ricky Lopez
Batting: RHB Luis Jara 0-0: Foul Ball, location: 2F
0-1: SINGLE (Groundball, 56D, EV 98.1 MPH)
Batting: RHB Dave Valdez 0-0: Called Strike
0-1: Foul Ball, location: 2F
0-2: Foul Ball, location: 2F
0-2: Ball
1-2: Strikes out swinging
Batting: RHB Kyler Seitz 0-0: Ball
1-0: Ball
Luis Jara is caught stealing 2nd base 2-4
2-0: Ball
3-0: Swinging Strike
3-1: Swinging Strike
3-2: Foul Ball, location: 2F
3-2: Strikes out swinging
Bottom of the 1st over - 0 runs, 1 hit, 0 errors, 0 left on base; Winnipeg 0 - Trois-Riveres 0
TOP OF THE 2ND
Winnipeg Goldeyes batting - Pitching for Trois-Riveres Aigles : LHP Jake Fields
Batting: RHB Yu-zeng Mai 0-0: Swinging Strike
0-1: Called Strike
0-2: Ball
1-2: Foul Ball, location: 2F
1-2: Strikes out swinging
Batting: RHB Alejandro de Jesus 0-0: Ball
1-0: Ball
2-0: Ball
3-0: Base on Balls
Batting: RHB Settan Nakamura 0-0: DOUBLE (Line Drive, 89XD, EV 106.9 MPH)
Alejandro de Jesus to third
Runner from 3rd tries for Home, SAFE, no throw by CF
Batting: RHB Mike Berzins 0-0: Called Strike
0-1: Ball
1-1: Foul Ball, location: 2F
1-2: Ball
2-2: Fly out, F8 (Flyball, 78M, EV 92.5 MPH)
Batting: LHB Raul Aldaz 0-0: Ball
1-0: Swinging Strike
1-1: Foul Ball, location: 2F
1-2: Foul Ball, location: 2F
1-2: Foul Ball, location: 2F
1-2: Foul Ball, location: 2F
1-2: Ground out 4-3 (Groundball, 4, EV 93.8 MPH)
Top of the 2nd over - 1 run, 1 hit, 0 errors, 1 left on base; Winnipeg 1 - Trois-Riveres 0
BOTTOM OF THE 2ND
Trois-Riveres Aigles batting - Pitching for Winnipeg Goldeyes : LHP Ricky Lopez
Batting: RHB Jon Gonzales 0-0: Ball
1-0: SINGLE (Groundball, 56D, EV 101.9 MPH)
Pitching: RHP Olegário Salsinha
Batting: RHB Tim Dower 0-0: Called Strike
0-1: Ball
1-1: DOUBLE (Flyball, 8LXD, EV 94.4 MPH)
Jon Gonzales to third
Batting: RHB Tony Bonilla 0-0: Called Strike
0-1: Ball
1-1: Fly out, F2 (Popup, 2RF, EV 93.8 MPH)
Batting: RHB Willie Acevedo 0-0: Ball
1-0: Foul Ball, location: 2F
1-1: Ball
2-1: Called Strike
2-2: Strikes out swinging
Batting: RHB Sandoval Serzedelo 0-0: Ball
1-0: Ball
2-0: Ball
3-0: Called Strike
3-1: Fly out, F8 (Line Drive, 8LM, EV 84.4 MPH)
Bottom of the 2nd over - 0 runs, 2 hits, 0 errors, 2 left on base; Winnipeg 1 - Trois-Riveres 0
TOP OF THE 3RD
Winnipeg Goldeyes batting - Pitching for Trois-Riveres Aigles : LHP Jake Fields
Batting: RHB Nestor Moreno 0-0: Ball
1-0: Ball
2-0: Called Strike
2-1: Foul Ball, location: 2F
2-2: Ball
3-2: Strikes out looking
Batting: LHB Ben Roth 0-0: Ball
1-0: Reached on error, E1 (Groundball, 15, EV 43.8 MPH)
Batting: RHB Terry Oetker 0-0: Ball
1-0: Fly out, F8 (Flyball, 8RD, EV 95.0 MPH)
Batting: RHB Hisao Takei 0-0: Ball
1-0: Ball
2-0: Called Strike
2-1: Ball
3-1: Foul Ball, location: 2F
3-2: Base on Balls
Batting: RHB Yu-zeng Mai 0-0: Called Strike
0-1: Ball
1-1: Ball
2-1: SINGLE (Groundball, 6MD, EV 106.2 MPH)
Ben Roth to third
Hisao Takei to second
Runner from 3rd tries for Home, SAFE, throw by CF to home
Batting: RHB Alejandro de Jesus 0-0: Foul Ball, location: 2F
0-1: Foul Ball, location: 2F
0-2: Ball
1-2: Ball
2-2: Strikes out swinging
Top of the 3rd over - 1 run, 1 hit, 1 error, 2 left on base; Winnipeg 2 - Trois-Riveres 0
BOTTOM OF THE 3RD
Trois-Riveres Aigles batting - Pitching for Winnipeg Goldeyes : RHP Olegário Salsinha
Batting: RHB Ben Saxton 0-0: Ball
1-0: Ball
2-0: Called Strike
2-1: Ball
3-1: SINGLE (Groundball, 34D, EV 95.0 MPH)
Batting: RHB Luis Jara 0-0: Foul Ball, location: 2F
0-1: Swinging Strike
0-2: Strikes out swinging
Batting: RHB Dave Valdez 0-0: Fly out, F9 (Flyball, 9D, EV 81.9 MPH)
Batting: RHB Kyler Seitz 0-0: Called Strike
0-1: Foul Ball, location: 2F
0-2: Ball
1-2: Strikes out swinging
Bottom of the 3rd over - 0 runs, 1 hit, 0 errors, 1 left on base; Winnipeg 2 - Trois-Riveres 0
TOP OF THE 4TH
Winnipeg Goldeyes batting - Pitching for Trois-Riveres Aigles : LHP Jake Fields
Batting: RHB Settan Nakamura 0-0: Foul Ball, location: 2F
0-1: Called Strike
0-2: Ball
1-2: Foul Ball, location: 2F
1-2: Strikes out swinging
Batting: RHB Mike Berzins 0-0: Ball
1-0: Ball
2-0: Ball
3-0: Called Strike
3-1: Foul Ball, location: 2F
3-2: Base on Balls
Batting: LHB Raul Aldaz 0-0: Called Strike
0-1: Ball
Wild Pitch!
Mike Berzins to second
1-1: Ball
2-1: Swinging Strike
2-2: Strikes out swinging
Batting: RHB Nestor Moreno 0-0: Fly out, F7 (Flyball, 78M, EV 87.5 MPH)
Top of the 4th over - 0 runs, 0 hits, 0 errors, 1 left on base; Winnipeg 2 - Trois-Riveres 0
BOTTOM OF THE 4TH
Trois-Riveres Aigles batting - Pitching for Winnipeg Goldeyes : RHP Olegário Salsinha
Batting: RHB Jon Gonzales 0-0: Called Strike
0-1: Ball
1-1: Foul Ball, location: 2F
1-2: Ball
2-2: Ball
3-2: Base on Balls
Batting: RHB Tim Dower 0-0: Swinging Strike
0-1: Ball
1-1: Foul Ball, location: 2F
1-2: Foul Ball, location: 2F
1-2: Ball
2-2: Strikes out swinging
Batting: RHB Tony Bonilla 0-0: Foul Ball, location: 2F
0-1: Swinging Strike
0-2: Foul Ball, location: 2F
0-2: Strikes out swinging
Batting: RHB Willie Acevedo 0-0: Swinging Strike
0-1: Fly out, F7 (Flyball, 7S, EV 84.4 MPH)
Bottom of the 4th over - 0 runs, 0 hits, 0 errors, 1 left on base; Winnipeg 2 - Trois-Riveres 0
TOP OF THE 5TH
Winnipeg Goldeyes batting - Pitching for Trois-Riveres Aigles : LHP Jake Fields
Batting: LHB Ben Roth 0-0: Foul Ball, location: 2F
0-1: Foul Ball, location: 2F
0-2: Foul Ball, location: 2F
0-2: Ball
1-2: SINGLE (Groundball, 34D, EV 82.5 MPH) (infield hit)
Batting: RHB Terry Oetker 0-0: Ball
Ben Roth is caught stealing 2nd base 2-4
1-0: Ground out 5-3 (Groundball, 5D, EV 95.0 MPH)
Batting: RHB Hisao Takei 0-0: Ball
1-0: Called Strike
1-1: Ball
2-1: Foul Ball, location: 2F
2-2: Ball
3-2: Strikes out looking
Top of the 5th over - 0 runs, 1 hit, 0 errors, 0 left on base; Winnipeg 2 - Trois-Riveres 0
BOTTOM OF THE 5TH
Trois-Riveres Aigles batting - Pitching for Winnipeg Goldeyes : RHP Olegário Salsinha
Batting: RHB Sandoval Serzedelo 0-0: Reached on error, E4 (Groundball, 34, EV 85.0 MPH)
Batting: RHB Ben Saxton 0-0: Called Strike
0-1: Ball
1-1: Ball
2-1: Fly out, F9 (Flyball, 9, EV 83.8 MPH)
Pinch Hitting: RHB Joe Hartigan 0-0: Ball
1-0: Foul Ball, location: 2F
1-1: Ball
2-1: Foul Ball, location: 2F
2-2: Strikes out swinging
Batting: RHB Dave Valdez 0-0: Foul Ball, location: 2F
0-1: Foul Ball, location: 2F
0-2: Strikes out swinging
Bottom of the 5th over - 0 runs, 0 hits, 1 error, 1 left on base; Winnipeg 2 - Trois-Riveres 0
TOP OF THE 6TH
Winnipeg Goldeyes batting - Pitching for Trois-Riveres Aigles : LHP Jake Fields
Now at 1B: Toshikatsu Omori
Now at 2B: Dave Valdez
Now at SS: Ben Saxton
Batting: RHB Yu-zeng Mai 0-0: Ball
1-0: Fly out, F3 (Popup, 3SF, EV 64.4 MPH)
Batting: RHB Alejandro de Jesus 0-0: Ball
1-0: Ball
2-0: Foul Ball, location: 2F
2-1: Called Strike
2-2: Ball
3-2: Base on Balls
Batting: RHB Settan Nakamura 0-0: Foul Ball, location: 2F
0-1: Called Strike
0-2: Ball
1-2: Strikes out swinging
Pitching: RHP Bobby Valenzuela
Batting: RHB Mike Berzins 0-0: Called Strike
0-1: Called Strike
0-2: Ball
1-2: Strikes out swinging
Top of the 6th over - 0 runs, 0 hits, 0 errors, 1 left on base; Winnipeg 2 - Trois-Riveres 0
BOTTOM OF THE 6TH
Trois-Riveres Aigles batting - Pitching for Winnipeg Goldeyes : RHP Olegário Salsinha
Pitching: RHP Jason Waite
Batting: RHB Kyler Seitz 0-0: Ball
1-0: Called Strike
1-1: Swinging Strike
1-2: Ball
2-2: SOLO HOME RUN (Flyball, 7LD, EV 93.1 MPH), Distance : 361 ft
Batting: RHB Jon Gonzales 0-0: Called Strike
0-1: Ball
1-1: Ball
2-1: Ball
3-1: Base on Balls
Batting: RHB Tim Dower 0-0: Swinging Strike
0-1: Foul Ball, location: 2F
0-2: Ball
1-2: Ball
2-2: Ball
3-2: Fielders Choice at 2nd, 1-6 (Groundball, 34S, EV 72.5 MPH)
Pinch Hitting: RHB Jeff Standridge 0-0: Grounds into double play, 4-6-3 (Groundball, 4S, EV 86.9 MPH)
Bottom of the 6th over - 1 run, 1 hit, 0 errors, 0 left on base; Winnipeg 2 - Trois-Riveres 1
TOP OF THE 7TH
Winnipeg Goldeyes batting - Pitching for Trois-Riveres Aigles : RHP Bobby Valenzuela
Now in LF: Jeff Standridge
Batting: LHB Raul Aldaz 0-0: Ball
1-0: Ball
2-0: Foul Ball, location: 2F
2-1: Ball
3-1: Ground out 4-3 (Groundball, 4M, EV 105.0 MPH)
Batting: RHB Nestor Moreno 0-0: Foul Ball, location: 2F
0-1: Ball
1-1: Called Strike
1-2: Strikes out swinging
Batting: LHB Ben Roth 0-0: Called Strike
0-1: Swinging Strike
0-2: Ball
1-2: Strikes out swinging
Top of the 7th over - 0 runs, 0 hits, 0 errors, 0 left on base; Winnipeg 2 - Trois-Riveres 1
BOTTOM OF THE 7TH
Trois-Riveres Aigles batting - Pitching for Winnipeg Goldeyes : RHP Jason Waite
Batting: RHB Willie Acevedo 0-0: Ball
1-0: Ball
2-0: Ball
3-0: Called Strike
3-1: Base on Balls
Batting: RHB Sandoval Serzedelo 0-0: Fielders Choice at 2nd, 6-4 (Groundball, 6, EV 87.5 MPH)
Batting: RHB Ben Saxton 0-0: Ball
1-0: Swinging Strike
1-1: Ball
2-1: Called Strike
2-2: Hit by Pitch
Sandoval Serzedelo to second
Batting: RHB Toshikatsu Omori 0-0: Ball
1-0: Swinging Strike
1-1: Swinging Strike
1-2: Strikes out swinging
Batting: RHB Dave Valdez 0-0: Ball
1-0: Ball
2-0: Ball
3-0: Called Strike
3-1: 3-RUN HOME RUN (Flyball, 7LD, EV 96.9 MPH), Distance : 341 ft
Pitching: RHP Juan Castro
Batting: RHB Kyler Seitz 0-0: Foul Ball, location: 2F
0-1: Foul Ball, location: 2F
0-2: Ball
1-2: Ball
2-2: Foul Ball, location: 2F
2-2: Ball
3-2: Foul Ball, location: 2F
3-2: Fly out, F7 (Line Drive, 7S, EV 90.0 MPH)
Bottom of the 7th over - 3 runs, 1 hit, 0 errors, 0 left on base; Winnipeg 2 - Trois-Riveres 4
TOP OF THE 8TH
Winnipeg Goldeyes batting - Pitching for Trois-Riveres Aigles : RHP Bobby Valenzuela
Batting: RHB Terry Oetker 0-0: Ball
1-0: Foul Ball, location: 2F
1-1: Swinging Strike
1-2: Strikes out looking
Batting: RHB Hisao Takei 0-0: Called Strike
0-1: Ball
1-1: SOLO HOME RUN (Flyball, 7D, EV 105.0 MPH), Distance : 404 ft
Batting: RHB Yu-zeng Mai 0-0: Called Strike
0-1: Ball
1-1: Fly out, F7 (Flyball, 78D, EV 95.0 MPH)
Pinch Hitting: RHB Itocravo Arrochela 0-0: Ball
1-0: Ball
2-0: Ball
3-0: Base on Balls
Pinch Hitting: RHB Ratko Macura 0-0: Called Strike
0-1: Fielders Choice at 2nd, 6-4 (Groundball, 6, EV 81.2 MPH)
Top of the 8th over - 1 run, 1 hit, 0 errors, 1 left on base; Winnipeg 3 - Trois-Riveres 4
BOTTOM OF THE 8TH
Trois-Riveres Aigles batting - Pitching for Winnipeg Goldeyes : RHP Juan Castro
Now at 2B: Itocravo Arrochela
Now at 3B: Ed Mosqueda
Batting: RHB Jon Gonzales 0-0: Foul Ball, location: 2F
0-1: Ball
1-1: Ball
2-1: Swinging Strike
2-2: Ball
3-2: Base on Balls
Batting: RHB Tim Dower 0-0: Ball
1-0: Fielders Choice at 2nd, 1-4 (Groundball, 25, EV 70.6 MPH)
Batting: RHB Jeff Standridge 0-0: Ball
1-0: Fielders Choice at 2nd, 1-6 (Groundball, 13, EV 70.6 MPH)
Batting: RHB Willie Acevedo 0-0: Fly out, F7 (Line Drive, 78M, EV 88.1 MPH)
Bottom of the 8th over - 0 runs, 0 hits, 0 errors, 1 left on base; Winnipeg 3 - Trois-Riveres 4
TOP OF THE 9TH
Winnipeg Goldeyes batting - Pitching for Trois-Riveres Aigles : RHP Bobby Valenzuela
Pinch Hitting: SHB Cesar Carrasquillo 0-0: Ground out 4-3 (Groundball, 4, EV 102.5 MPH)
Pinch Hitting: RHB Gary Smith 0-0: Foul Ball, location: 2F
0-1: Ball
1-1: Fly out, F8 (Flyball, 8RD, EV 105.6 MPH)
Batting: RHB Nestor Moreno 0-0: Foul Ball, location: 2F
0-1: Ball
1-1: Called Strike
1-2: Foul Ball, location: 2F
1-2: Strikes out looking
Top of the 9th over - 0 runs, 0 hits, 0 errors, 0 left on base; Winnipeg 3 - Trois-Riveres 4
Thursday, December 15th , 2022 - OOTP Baseball 23.9 Build 102